 Dungeon Crawl Stone Soup version 0.17-a0-1368-g6ab37f2 (webtiles) character file.

1534 Volodja the Grappler (level 8, 0/74 HPs)
             Began as a Troll Monk on June 12, 2015.
             Slain by Joseph
             ... wielding a +2 quarterstaff of draining
              (4 damage)
             ... on level 7 of the Dungeon.
             The game lasted 00:13:25 (6290 turns).

Volodja the Grappler (Troll Monk)                   Turns: 6290, Time: 00:13:25

Health: 0/74       AC:  6    Str: 20      XL:     8   Next: 55%
Magic:  7/7        EV: 10    Int:  4 (6)  God:
Gold:   362        SH:  0    Dex: 14      Spells: 0 memorised, 7 levels left

rFire  . . .     SeeInvis .       - Unarmed
rCold  . . .     Clarity  .     a - +0 robe
rNeg   . . .     SustAt   .     (no shield)
rPois  .         Gourm    +     (helmet restricted)
rElec  .         Spirit   .     q - +0 cloak
rCorr  .         Warding  .     (gloves unavailable)
rMut   .         Stasis   .     (boots unavailable)
MR     .....                    (no amulet)
Stlth  +.........               (no ring)
                                (no ring)

@: drained, not resistant to hostile enchantments, very unstealthy
A: unfitting armour, claws 3, fast metabolism 3, gourmand, regeneration 2,
shaggy fur 1, tough skin 2
a: no special abilities


You were on level 7 of the Dungeon.
You were not hungry.

You visited 1 branch of the dungeon, and saw 7 of its levels.
You also visited: Sewer.

You collected 362 gold pieces.

Inventory:

Hand weapons
 b - a +0 blowgun
Missiles
 r - 8 javelins (quivered)
 w - 47 poisoned needles
 x - 8 curare-tipped needles
Armour
 a - a +0 robe (worn)
 q - a +0 cloak (worn)
Magical staves
 J - an uncursed staff of air {unknown}
Magical devices
 o - a wand of polymorph (5)
 E - a wand of draining (9)
Scrolls
 c - 3 scrolls of enchant armour {unknown}
 e - 5 scrolls of magic mapping {unknown}
 f - 5 scrolls of identify {unknown}
 m - 3 scrolls of remove curse {unknown}
 p - 8 scrolls of teleportation {unknown}
 v - 3 scrolls of fog {unknown}
 y - a scroll of random uselessness {unknown}
 A - 2 scrolls of noise {unknown}
 D - 4 scrolls of recharging {unknown}
 F - a scroll of blinking {unknown}
 K - 3 scrolls of amnesia {unknown}
Potions
 d - 4 potions of degeneration
 g - a potion of heal wounds {unknown}
 h - 2 potions of resistance {unknown}
 i - 4 potions of flight {unknown}
 l - a potion of mutation {unknown}
 n - 3 potions of lignification {unknown}
 u - 3 potions of brilliance {unknown}
 z - a potion of ambrosia {unknown}
 G - 2 potions of haste {unknown}
 H - 3 potions of poison {unknown}
 L - a potion of curing {unknown}
Books
 I - a book of Ice

   Spells                             Type                      Level
   a - Ice Form                       Ice/Transmutation            4
   b - Metabolic Englaciation         Hexes/Ice                    5
   c - Ozocubu's Refrigeration        Ice                          6
   d - Bolt of Cold                   Conjuration/Ice              6
   e - Freezing Cloud                 Conjuration/Ice/Air          6
   f - Simulacrum                     Ice/Necromancy               6
 M - a book of Battle

   Spells                             Type                      Level
   a - Infusion                       Charms                       1
   b - Shroud of Golubria             Charms/Translocation         2
   c - Song of Slaying                Charms                       2
   d - Spectral Weapon                Hexes/Charms                 3
   e - Regeneration                   Charms/Necromancy            3
Comestibles
 j - 2 fruits
 k - a meat ration
 s - a beef jerky
 t - a slice of pizza
 B - 6 bread rations
 C - 2 royal jellies


   Skills:
 - Level 2.4(1.4) Fighting
 - Level 2.4(1.4) Dodging
 - Level 1.1(0.1) Stealth
 + Level 11.3(10.1) Unarmed Combat


You had 7 spell levels left.
You didn't know any spells.

Dungeon Overview and Level Annotations

Branches:
Dungeon (7/15)             Temple (0/1) D:6

Altars:
Cheibriados
Dithmenos
Fedhas
Gozag
Sif Muna
Trog
Vehumet
Yredelemnul
Zin

Shops:
D:5 ?

Annotations:
D:5 1 runed door
D:7 Joseph


Innate Abilities, Weirdness & Mutations

You are too large for most types of armour.
You have claws for hands.
Your metabolism is lightning-fast.
You like to eat raw meat.
You heal very quickly.
You are covered in fur (AC +1).
You have very tough skin (AC +2).


Message History

You scratch Joseph.
Joseph is moderately wounded.
Joseph misses you.
You scratch Joseph.
Joseph is heavily wounded.
You closely miss Joseph.
Joseph is heavily wounded.
Joseph hits you with an uncursed quarterstaff of draining!
* * * LOW HITPOINT WARNING * * *
You feel drained.
* * * LOW HITPOINT WARNING * * *
You barely miss Joseph.
Joseph is heavily wounded.
Joseph barely misses you.
Drink which item? (? for menu, Esc to quit)
It was a potion of degeneration.
There was something very wrong with that liquid.
You feel dopey.
Joseph hits you with an uncursed quarterstaff of draining.
You die...

#.#.# #...#.....#
#.#.# #<.....#..#
#.#.#.#.######.(#
#.#.............#
#.#############.#
#.###...........#+##
#.#....#######(....#
#.#(....@...('.....#
#.#....@######.....#
#.#.....# #.....@..
#.#.....# #####...g
########.#.....#
....
#........#.....# ...
#.########.....# ..
#.# #.#....#.# #.#
#.#.####.# #.#
#........#


You could see Joseph (bleeding).

Vanquished Creatures
  Eustachio (D:4)
  An ice beast (D:5)
  A centaur (D:6)
  2 big kobolds
  3 giant frogs (D:6)
  2 scorpions
  2 hounds (D:5)
  A wasp zombie (D:7)
  2 crimson imps
  A centaur zombie (D:5)
  2 orc priests
  3 giant frog skeletons
  An iguana (D:6)
  2 worker ants (D:5)
  2 orc wizards (D:4)
  A worker ant zombie (D:5)
  7 gnolls
  2 river rats (Sewer)
  4 adders
  2 oozes (Sewer)
  An adder skeleton (D:5)
  4 worms
  5 giant geckos
  17 orcs
  7 ball pythons
  16 bats
  5 giant cockroaches
  6 goblins
  14 hobgoblins
  10 jackals
  2 quokkas
  4 giant newts
  16 kobolds
  18 rats
167 creatures vanquished.

Notes
Turn   | Place    | Note
--------------------------------------------------------------
     0 | D:1      | Volodja the Troll Monk began the quest for the Orb.
     0 | D:1      | Reached XP level 1. HP: 22/22 MP: 0/0
   128 | D:1      | Reached XP level 2. HP: 29/29 MP: 1/1
   367 | D:1      | Reached skill level 5 in Unarmed Combat
   367 | D:1      | Reached XP level 3. HP: 36/36 MP: 2/2
   897 | D:2      | Found a faded altar to an unknown god.
   979 | D:2      | Found a deep blue altar of Sif Muna.
   980 | D:2      | Found a snail-covered altar of Cheibriados.
   982 | D:2      | Found a bloodstained altar of Trog.
   982 | D:2      | Found a shadowy altar of Dithmenos.
   986 | D:2      | Found an opulent altar of Gozag.
   987 | D:2      | Found a basalt altar of Yredelemnul.
   994 | D:2      | Reached XP level 4. HP: 33/44 MP: 3/3
  1411 | D:3      | Reached skill level 6 in Unarmed Combat
  1537 | D:3      | Found a glowing drain.
  1548 | Sewer    | Entered a sewer
  1557 | Sewer    | Reached XP level 5. HP: 47/50 MP: 4/4
  1771 | Sewer    | Noticed a big kobold
  1778 | Sewer    | Killed a big kobold
  1778 | Sewer    | Reached skill level 7 in Unarmed Combat
  2094 | D:3      | Reached XP level 6. HP: 53/59 MP: 5/5
  2346 | D:3      | Found a blossoming altar of Fedhas.
  2956 | D:4      | Reached skill level 8 in Unarmed Combat
  3142 | D:4      | Reached XP level 7. HP: 62/66 MP: 6/6
  3189 | D:4      | Noticed Eustachio
  3205 | D:4      | Killed Eustachio
  3205 | D:4      | Reached skill level 9 in Unarmed Combat
  3951 | D:5      | Entered Level 5 of the Dungeon
  4154 | D:5      | Found a runed door.
  4154 | D:5      | Noticed an angel
  4155 | D:5      | Found a glowing silver altar of Zin.
  4403 | D:5      | Reached skill level 10 in Unarmed Combat
  4436 | D:5      | Found Teynigeo's Magic Scroll Shop.
  4784 | D:5      | Reached XP level 8. HP: 61/74 MP: 7/7
  4955 | D:6      | Found a staircase to the Ecumenical Temple.
  5495 | D:6      | Found a radiant altar of Vehumet.
  5658 | D:6      | Reached skill level 11 in Unarmed Combat
  6266 | D:7      | Noticed Joseph
  6288 | D:7      | HP: 3/74 [Joseph/uncursed quarterstaff of draining (6)]
  6290 | D:7      | Slain by Joseph

Vault maps used:
D:1:      matt_arrival_spirals, hex_tiny
D:2:      grunt_temple_overflow_open, ecumenical_altar_2, uniq_natasha,
          uniq_jessica
D:3:      portal_sewer_entry_d, fedhas_altar_4
D:4:      first_bread, uniq_eustachio
D:5:      serial_shops, nicolae_shop_stone, lemuel_angel_altar
D:6:      minmay_temple_entry_mist, basic_altar
D:7:      serial_shops, kennysheep_mini_moat, uniq_joseph
Sewer:    sewer_co_15_rooms

Action                   |  1- 3 |  4- 6 |  7- 9 || total
-------------------------+-------+-------+-------++-------
Melee: Unarmed           |    97 |   147 |   142 ||   386
  Use: Potion            |       |       |     1 ||     1
 Stab: Sleeping          |     1 |     1 |     3 ||     5
  Eat: Chunk             |    14 |    19 |    26 ||    59
